 Dungeon Crawl Stone Soup version 0.31-a0-361-g0f8bd3a31e (webtiles) character file.

Game seed: 18373952518456831293

1257 EC1 the Spear-Bearer (level 8, 0/67 HPs)
             Began as a Merfolk Fighter on July 27, 2023.
             Slain by a gnoll sergeant
             ... wielding a +0 spear
              (2 damage)
             ... on level 6 of the Dungeon.
             The game lasted 00:18:28 (4307 turns).

EC1 the Spear-Bearer (Merfolk Fighter)              Turns: 4307, Time: 00:18:29

Health: 0/67       AC:  7    Str: 17    XL:     8   Next: 51%
Magic:  8/8        EV: 15    Int:  7    God:
Gold:   289        SH:  5    Dex: 15    Spells: 7/7 levels left

rFire   . . .        a - +0 trident
rCold   . . .        c - +0 buckler
rNeg    . . .        f - +1 leather armour
rPois   .            (no helmet)
rElec   .            k - +2 cloak
rCorr   .            (no gloves)
SInv    .            (no boots)
Will    .....        (no amulet)
Stlth   +++          (no ring)
HPRegen 0.31/turn    (no ring)
MPRegen 0.11/turn

%: no passive effects
@: no status effects
A: (nimble swimmer 2), mertail
a: no special abilities


You were on level 6 of the Dungeon.
You visited 1 branch of the dungeon, and saw 6 of its levels.

You collected 289 gold pieces.

Inventory:

Hand Weapons
 a - a +0 trident (weapon)
 h - a +0 sling
Armour
 b - a +0 scale mail
 c - a +0 buckler (worn)
 f - a +1 leather armour (worn)
 j - a +0 cloak
 k - a +2 cloak (worn)
Magical Staves
 r - a staff of conjuration
Talismans
 n - a beast talisman
 q - a blade talisman
Wands
 i - a wand of flame (10)
 m - a wand of roots (6)
 u - a wand of polymorph (12)
Scrolls
 g - 3 scrolls of revelation
 l - a scroll of identify
 p - a scroll of fear {unknown}
 t - a scroll of poison {unknown}
Potions
 e - a potion of resistance
 s - a potion of ambrosia {unknown}


   Skills:
 + Level 7.2 Fighting
 + Level 9.4 Polearms
 + Level 4.0 Armour
 + Level 7.6 Dodging
 + Level 4.5 Stealth
 + Level 4.9 Shields


You had 7 spell levels left.
You didn't know any spells.
Your spell library was empty.

Dungeon Overview and Level Annotations

Branches:
Dungeon (6/15)
 Temple: D:4-7

Altars:
Gozag
The Shining One


Innate Abilities, Weirdness & Mutations

((You are very nimble when in or above water. (Stealth+, EV+, Speed+++)))
Your lower body shifts to a powerful aquatic tail in water.


Message History

You hit the gnoll sergeant but do no damage.
The gnoll sergeant misses you.
The gnoll hits you from afar with a +0 spear.
* * * LOW HITPOINT WARNING * * *
You hit the gnoll sergeant.
The gnoll sergeant is lightly wounded.
The gnoll sergeant hits you with a +0 spear.
* * * LOW HITPOINT WARNING * * *
The gnoll completely misses you.
You hit the gnoll sergeant but do no damage.
The gnoll sergeant is lightly wounded.
The gnoll misses you.
The gnoll sergeant hits you but does no damage.
You hit the gnoll sergeant but do no damage.
The gnoll barely misses you.
The gnoll sergeant hits you with a +0 spear.
* * * LOW HITPOINT WARNING * * *
You barely miss the gnoll sergeant. You block the gnoll sergeant's attack.
The gnoll hits you but does no damage.
You hit the gnoll sergeant.
The gnoll sergeant is lightly wounded.
You block the gnoll's attack.
The gnoll sergeant hits you but does no damage.
You hit the gnoll sergeant but do no damage.
The gnoll sergeant is lightly wounded.
You puncture the gnoll sergeant!
The gnoll sergeant is heavily wounded.
The gnoll closely misses you. You block the gnoll sergeant's attack.
You feel better.
The gnoll sergeant hits you with a +0 spear!
* * * LOW HITPOINT WARNING * * *
The gnoll completely misses you.
As you read the scroll labelled AMYCEO EFUI, it crumbles to dust.
You hear a loud clanging noise!
It was a scroll of noise.
You hear a bark! x2; You hear an angry hiss.
The gnoll hits you from afar with a +0 spear!
* * * LOW HITPOINT WARNING * * *
The gnoll sergeant hits you with a +0 spear.
You die...

..........# #..#
#########.##
#..#
######...####..#
#.............<.
#.####....###..#
#.# ####.#
#..#### #.# #.#
#.....# #.# #.#
#.# #.# #.# #@#
###.# #.# ##g##
#...#
##.###fg.#.#..
#.###
#..............
#.#
#..###...#...^.
#.#
#..............
#.#
#.####........$
#.# #.#
##........ #.#
#.# ##.......


You could see a sleepcap, a gnoll sergeant and a gnoll.

Vanquished Creatures
  Pikel (D:5)
  A black bear (D:5)
  An ogre (D:4)
  2 scorpions
  A howler monkey (D:5)
  2 hounds
  2 sleepcaps
  An iguana (D:4)
  A jelly (D:5)
  2 orc wizards (D:4)
  3 adders
  6 gnolls
  An ufetubus (D:5)
  2 worms
  3 dart slugs
  10 orcs
  6 endoplasms
  4 giant cockroaches
  5 goblins
  5 hobgoblins
  A quokka (D:3)
  4 ball pythons
  2 bats (D:3)
  3 frilled lizards
  5 kobolds
  5 rats
79 creatures vanquished.

Notes
Turn   | Place    | Note
-------+----------+-------------------------------------------
     0 | D:1      | EC1 the Merfolk Fighter began the quest for the Orb.
     0 | D:1      | Reached XP level 1. HP: 18/18 MP: 1/1
   156 | D:1      | Reached XP level 2. HP: 18/24 MP: 2/2
   690 | D:2      | Reached XP level 3. HP: 24/30 MP: 3/3
  1024 | D:2      | Reached skill level 3 in Polearms
  1559 | D:3      | Reached skill level 7 in Polearms
  1559 | D:3      | Reached XP level 4. HP: 41/41 MP: 4/4
  1587 | D:3      | Found an opulent altar of Gozag.
  1731 | D:3      | Reached XP level 5. HP: 22/47 MP: 5/5
  1861 | D:3      | Found a glowing golden altar of the Shining One.
  2304 | D:4      | Noticed an ogre
  2316 | D:4      | Killed an ogre
  2317 | D:4      | Reached XP level 6. HP: 14/53 MP: 6/6
  3093 | D:4      | Reached skill level 8 in Polearms
  3093 | D:4      | Reached XP level 7. HP: 56/59 MP: 7/7
  3485 | D:5      | Entered Level 5 of the Dungeon
  3928 | D:5      | Noticed Pikel
  3971 | D:5      | Killed Pikel
  3972 | D:5      | Reached skill level 9 in Polearms
  3972 | D:5      | Reached XP level 8. HP: 41/67 MP: 8/8
  4307 | D:6      | HP: 2/67 [gnoll/+0 spear[a gnoll sergeant] (8)]
  4307 | D:6      | Slain by a gnoll sergeant

Illustrated notes

Levels and vault maps discovered:
D:1:      saegor_arrival_simple_a, layout_rooms
D:2:      layout_loops_ring
D:3:      layout_basic, nicolae_overflow_crystal_walls,
          mainiacjoe_overflow_catwalk, minmay_unequal
D:4:      layout_loops_ring
D:5:      layout_rooms, nicolae_hexahallways, uniq_pikel
D:6:      layout_loops_ring, minmay_mini_ossuary, uniq_eustachio

Skill      XL: |  1  2  3  4  5  6  7 |
---------------+----------------------+-----
Polearms       | 7 8 9 |  9.4
Fighting       | 6 7 |  7.2
Armour         | 3 4 |  4.0
Dodging        | 6 7 |  7.6
Stealth        | 4 |  4.5
Shields        | 4 |  4.9

Action                     |  1- 3 |  4- 6 |  7- 9 || total
---------------------------+-------+-------+-------++-------
  Melee: Trident           |    84 |    98 |    96 ||   278
    Use: Potion            |     3 |     2 |     2 ||     7
         Scroll            |     3 |     1 |     1 ||     5
   Stab: Sleeping          |     4 |     1 |     2 ||     7
 Armour: Leather armour    |    18 |    25 |    25 ||    68
         Skin              |       |       |    10 ||    10
  Dodge: Dodged            |    25 |    37 |    60 ||   122
  Block: Buckler           |     8 |     9 |    22 ||    39

Table legend: (Time is in decaauts)
 A = Elapsed time spent in this place.
 B = Non-inter-level travel time spent in this place.
 C = Inter-level travel time spent in this place.
 D = Time resting spent in this place.
 E = Time spent auto-exploring this place.
 F = Levels seen in this place.
 G = Mean time per level.
                   A        B        C        D        E       F      G
               +--------+--------+--------+--------+--------+-----+--------+
         Total |   4307 |   4263 |     44 |    502 |    596 |   6 |  717.8 |
       Dungeon |   4307 |   4263 |     44 |    502 |    596 |   6 |  717.8 |
               +--------+--------+--------+--------+--------+-----+--------+

Top non-repeatable levels by time:
     D:4: 1182 daAuts
     D:3: 1032 daAuts
     D:2: 773 daAuts
     D:5: 710 daAuts
     D:1: 507 daAuts
     D:6: 102 daAuts
